 Dungeon Crawl Stone Soup version 0.29.0-4-gdea44cf6ec (webtiles) character file.

Game seed: 11930169914767563597

347 qw the Chopper (level 6, -2/38 HPs)
             Began as a Gargoyle Fighter on Sept 10, 2022.
             Slain by an ogre
             ... wielding a +0 giant spiked club
              (19 damage)
             ... on level 4 of the Dungeon.
             The game lasted 00:01:16 (3837 turns).

qw the Chopper (Gargoyle Fighter)                   Turns: 3837, Time: 00:01:17

Health: -2/38      AC: 13    Str: 21    XL:     6   Next: 59%
Magic:  6/6        EV:  7    Int:  9    God:
Gold:   177        SH:  4    Dex:  9    Spells: 5/5 levels left

rFire   . . .      SeeInvis .   Y - +0 war axe
rCold   . . .      Faith    .   c - +0 buckler
rNeg    + . .      Spirit   .   j - +0 chain mail
rPois   inf        Reflect  .   (no helmet)
rElec   +          Harm     .   (no cloak)
rCorr   .          Rampage  .   (no gloves)
Will    .....                   (no boots)
Stlth   ..........              (no amulet)
HPRegen 0.12/turn               (no ring)
MPRegen 0.10/turn               (no ring)

@: no status effects
A: sickness immunity, AC +4, negative energy resistance 1, electricity
resistance, torment resistance 1, petrification resistance
a: no special abilities


You were on level 4 of the Dungeon.
You visited 1 branch of the dungeon, and saw 4 of its levels.

You collected 177 gold pieces.


Innate Abilities, Weirdness & Mutations

You are immune to sickness and miasma.
Your stone body is resilient. (AC +4)
You are immune to poison.
You resist negative energy. (rN+)
You are resistant to electric shocks. (rElec)
You are resistant to unholy torment.
You are immune to petrification.


   Skills:
 - Level 4.0 Fighting
 + Level 5.6 Axes
 - Level 1.0 Throwing
 - Level 3.2 Armour
 - Level 0.8 Dodging
 - Level 3.2 Shields


You had 5 spell levels left.
You didn't know any spells.
Your spell library was empty.

Inventory:

Hand Weapons
 e - a +0 flail
 Y - a +0 war axe (weapon)
Missiles
 a - a javelin (quivered)
 g - 4 boomerangs of dispersal
Armour
 c - a +0 buckler (worn)
 j - a +0 chain mail (worn)
Scrolls
 b - a scroll of immolation {unknown}
 f - a scroll of identify
Potions
 d - a potion of might
 i - a potion of lignification {unknown}
 k - a potion of heal wounds

Dungeon Overview and Level Annotations

Branches:
Dungeon (4/15)
 Temple: D:4-7

Altars:


Message History

The adder is lightly wounded.
Throw: 2 javelins
Press: ? - help, Q - select action, (/) - cycle Shift-Dir - straight line, f/p - adder You throw a javelin.
The javelin misses the adder.
Throw: javelin
Press: ? - help, Q - select action, (/) - cycle Shift-Dir - straight line, f/p - adder You throw a javelin.
The javelin pierces through the adder!
The adder is almost dead.
You barely miss the adder.
The adder is almost dead.
The adder barely misses you. x2
You hit the adder.
You kill the adder!
You see here an adder corpse.
a - a javelin A dart slug comes into view.
Found 3 stones.
A hobgoblin comes into view.
The hobgoblin shouts!
An ogre comes into view. It is wielding a +0 giant spiked club.
The dart slug launches a dart at you.
The slug dart hits you but does no damage.
Found a stone staircase leading up.
The dart slug launches a dart at you.
The slug dart hits you but does no damage.
The hobgoblin hits you but does no damage.
You slash the hobgoblin!
You kill the hobgoblin!
You barely miss the ogre. You hit the dart slug.
The ogre hits you with a +0 giant spiked club!
The dart slug barely misses you.
You slash the dart slug!
You kill the dart slug!
You slash the ogre!
The ogre hits you with a +0 giant spiked club!
You hit the ogre.
The ogre is severely wounded.
The ogre hits you with a +0 giant spiked club!!
Ouch! That really hurt!
You die...

#....# ....# ......##...
###.....#...#
............#
.........(..#
..#.......#(..#.###
..#.......##.##.#.##..##
#...# #...#.....@%......
..[.. #..........O?.#...
#...###.#....#......#
#.........#%.#.......#
....##.................
..........#.#.####.....<
.#........#....# ##....
##...###...#..# ....
#.....##..###.#


You could see an ogre.

Vanquished Creatures
  Sigmund (D:2)
  Natasha (D:2)
  4 gnolls (D:2)
  4 adders
  2 worms (D:2)
  4 dart slugs
  5 orcs (D:3)
  3 ball pythons
  9 endoplasms
  2 giant cockroaches (D:3)
  4 goblins
  7 hobgoblins
  5 quokkas
  2 bats
  A frilled lizard (D:1)
  6 kobolds
  8 rats
68 creatures vanquished.

Notes
Turn   | Place    | Note
-------+----------+-------------------------------------------
     0 | D:1      | qw the Gargoyle Fighter began the quest for the Orb.
     0 | D:1      | Reached XP level 1. HP: 14/14 MP: 1/1
     0 | D:1      | 0 ||| qw: Version: 0.1-a-116-g5d60599
     0 | D:1      | 0 ||| qw: Game counter: 7484
     0 | D:1      | 0 ||| qw: Always use a shield: true
     0 | D:1      | 0 ||| qw: God list: Okawaru
     0 | D:1      | 0 ||| qw: Allow faded altars: false
     0 | D:1      | 0 ||| qw: Do Orc after D:15 true
     0 | D:1      | 0 ||| qw: Do second Lair branch before Depths: true
     0 | D:1      | 0 ||| qw: Lair rune preference: random
     0 | D:1      | 0 ||| qw: Plans: Normal, Zot, God:TSO, Crypt, Tomb, Zig,
                  | Orb
     0 | D:1      | 0 ||| PLANNING D:1-11
    11 | D:1      | 11 ||| Stepping ~*~*~tactically~*~*~ (stealth).
    12 | D:1      | 12 ||| Stepping ~*~*~tactically~*~*~ (stealth).
    13 | D:1      | Found a faded altar of an unknown god.
    14 | D:1      | 14 ||| Stepping ~*~*~tactically~*~*~ (stealth).
    23 | D:1      | Reached skill level 2 in Axes
   116 | D:1      | 116 ||| Stepping ~*~*~tactically~*~*~ (hiding).
   124 | D:1      | Reached XP level 2. HP: 19/19 MP: 2/2
   487 | D:1      | Reached skill level 3 in Axes
   526 | D:1      | Reached XP level 3. HP: 23/23 MP: 3/3
   724 | D:1      | 724 ||| READING scroll labelled GUR HAN FIUCON.
   725 | D:1      | 725 ||| READING scroll labelled OHYPNO YSAORIR.
  1537 | D:2      | 1537 ||| DROPPING +0 club.
  1714 | D:2      | Noticed Sigmund
  1725 | D:2      | Killed Sigmund
  1726 | D:2      | Reached skill level 5 in Axes
  1726 | D:2      | Reached XP level 4. HP: 19/28 MP: 4/4
  1726 | D:2      | Reached XP level 5. HP: 21/32 MP: 5/5
  1865 | D:2      | Noticed Natasha
  1870 | D:2      | Killed Natasha
  1871 | D:2      | Reached XP level 6. HP: 38/38 MP: 6/6
  2076 | D:2      | 2076 ||| Stepping ~*~*~tactically~*~*~ (stealth).
  2078 | D:2      | 2078 ||| Stepping ~*~*~tactically~*~*~ (stealth).
  2086 | D:2      | 2086 ||| Stepping ~*~*~tactically~*~*~ (stealth).
  2091 | D:2      | Reached skill level 1 in Throwing
  2103 | D:2      | 2103 ||| FLEEEEING.
  2104 | D:2      | 2104 ||| FLEEEEING.
  2105 | D:2      | 2105 ||| FLEEEEING.
  2106 | D:2      | 2106 ||| FLEEEEING.
  2107 | D:2      | 2107 ||| FLEEEEING.
  2108 | D:2      | 2108 ||| FLEEEEING.
  2109 | D:2      | 2109 ||| FLEEEEING.
  2110 | D:2      | 2110 ||| FLEEEEING.
  2111 | D:2      | 2111 ||| FLEEEEING.
  2112 | D:2      | 2112 ||| FLEEEEING.
  2114 | D:2      | 2114 ||| FLEEEEING.
  2115 | D:2      | 2115 ||| FLEEEEING.
  2116 | D:2      | 2116 ||| FLEEEEING.
  2117 | D:2      | 2117 ||| FLEEEEING.
  2118 | D:2      | 2118 ||| FLEEEEING.
  2119 | D:2      | 2119 ||| FLEEEEING.
  2120 | D:2      | 2120 ||| FLEEEEING.
  2121 | D:2      | 2121 ||| FLEEEEING.
  2122 | D:2      | 2122 ||| FLEEEEING.
  2123 | D:2      | 2123 ||| FLEEEEING.
  2124 | D:2      | 2124 ||| FLEEEEING.
  2125 | D:2      | 2125 ||| FLEEEEING.
  2126 | D:2      | 2126 ||| FLEEEEING.
  2127 | D:2      | 2127 ||| FLEEEEING.
  2128 | D:2      | 2128 ||| FLEEEEING.
  2129 | D:2      | 2129 ||| FLEEEEING.
  2130 | D:2      | 2130 ||| FLEEEEING.
  2131 | D:2      | 2131 ||| FLEEEEING.
  2132 | D:2      | 2132 ||| FLEEEEING.
  2133 | D:2      | 2133 ||| FLEEEEING.
  2134 | D:2      | 2134 ||| FLEEEEING.
  2135 | D:2      | 2135 ||| FLEEEEING.
  2136 | D:2      | 2136 ||| FLEEEEING.
  2137 | D:2      | 2137 ||| FLEEEEING.
  2138 | D:2      | 2138 ||| FLEEEEING.
  2139 | D:2      | 2139 ||| FLEEEEING.
  2140 | D:2      | 2140 ||| FLEEEEING.
  2141 | D:2      | 2141 ||| FLEEEEING.
  2143 | D:2      | 2143 ||| FLEEEEING.
  2144 | D:2      | 2144 ||| FLEEEEING.
  2145 | D:2      | 2145 ||| FLEEEEING.
  2146 | D:2      | 2146 ||| FLEEEEING.
  2147 | D:2      | 2147 ||| FLEEEEING.
  2148 | D:2      | 2148 ||| FLEEEEING.
  2149 | D:2      | 2149 ||| FLEEEEING.
  2150 | D:2      | 2150 ||| FLEEEEING.
  2151 | D:2      | 2151 ||| FLEEEEING.
  2152 | D:2      | 2152 ||| FLEEEEING.
  2154 | D:2      | 2154 ||| FLEEEEING.
  2155 | D:2      | 2155 ||| FLEEEEING.
  2156 | D:2      | 2156 ||| FLEEEEING.
  2157 | D:2      | 2157 ||| FLEEEEING.
  2158 | D:2      | 2158 ||| FLEEEEING.
  2159 | D:2      | 2159 ||| FLEEEEING.
  2160 | D:2      | 2160 ||| FLEEEEING.
  2161 | D:2      | 2161 ||| FLEEEEING.
  2163 | D:2      | 2163 ||| FLEEEEING.
  2164 | D:2      | 2164 ||| FLEEEEING.
  2165 | D:2      | 2165 ||| FLEEEEING.
  2166 | D:2      | 2166 ||| FLEEEEING.
  2167 | D:2      | 2167 ||| FLEEEEING.
  2168 | D:2      | 2168 ||| FLEEEEING.
  2169 | D:2      | 2169 ||| FLEEEEING.
  2171 | D:2      | 2171 ||| FLEEEEING.
  2172 | D:2      | 2172 ||| FLEEEEING.
  2173 | D:2      | 2173 ||| FLEEEEING.
  2174 | D:2      | 2174 ||| FLEEEEING.
  2175 | D:2      | 2175 ||| FLEEEEING.
  2176 | D:2      | 2176 ||| FLEEEEING.
  2177 | D:2      | 2177 ||| FLEEEEING.
  2178 | D:2      | 2178 ||| FLEEEEING.
  2179 | D:2      | 2179 ||| FLEEEEING.
  2180 | D:2      | 2180 ||| FLEEEEING.
  2181 | D:2      | 2181 ||| FLEEEEING.
  2182 | D:2      | 2182 ||| FLEEEEING.
  2183 | D:2      | 2183 ||| FLEEEEING.
  2184 | D:2      | 2184 ||| FLEEEEING.
  2185 | D:2      | 2185 ||| FLEEEEING.
  2186 | D:2      | 2186 ||| FLEEEEING.
  2187 | D:2      | 2187 ||| FLEEEEING.
  2188 | D:2      | 2188 ||| FLEEEEING.
  2189 | D:2      | 2189 ||| FLEEEEING.
  2190 | D:2      | 2190 ||| FLEEEEING.
  2191 | D:2      | 2191 ||| FLEEEEING.
  2192 | D:2      | 2192 ||| FLEEEEING.
  2193 | D:2      | 2193 ||| FLEEEEING.
  2194 | D:2      | 2194 ||| FLEEEEING.
  2195 | D:2      | 2195 ||| FLEEEEING.
  2196 | D:2      | 2196 ||| FLEEEEING.
  2197 | D:2      | 2197 ||| FLEEEEING.
  2198 | D:2      | 2198 ||| FLEEEEING.
  2199 | D:2      | 2199 ||| FLEEEEING.
  2200 | D:2      | 2200 ||| FLEEEEING.
  2201 | D:2      | 2201 ||| FLEEEEING.
  2202 | D:2      | 2202 ||| FLEEEEING.
  2203 | D:2      | 2203 ||| FLEEEEING.
  2204 | D:2      | 2204 ||| FLEEEEING.
  2206 | D:2      | 2206 ||| FLEEEEING.
  2207 | D:2      | 2207 ||| FLEEEEING.
  2208 | D:2      | 2208 ||| FLEEEEING.
  2209 | D:2      | 2209 ||| FLEEEEING.
  2210 | D:2      | 2210 ||| FLEEEEING.
  2211 | D:2      | 2211 ||| FLEEEEING.
  2212 | D:2      | 2212 ||| FLEEEEING.
  2213 | D:2      | 2213 ||| FLEEEEING.
  2214 | D:2      | 2214 ||| FLEEEEING.
  2215 | D:2      | 2215 ||| FLEEEEING.
  2216 | D:2      | 2216 ||| FLEEEEING.
  2217 | D:2      | 2217 ||| FLEEEEING.
  2218 | D:2      | 2218 ||| STAIRDANCE
  2300 | D:1      | 2300 ||| DRINKING 2 lumpy purple potions.
  2301 | D:1      | 2301 ||| DROPPING potion of brilliance.
  2309 | D:2      | 2309 ||| STAIRDANCE
  2402 | D:2      | 2402 ||| DROPPING +0 whip.
  2779 | D:2      | 2779 ||| READING 2 scrolls of identify.
  2779 | D:2      | 2779 ||| IDENTIFYING sedimented sapphire potion
  2780 | D:2      | 2780 ||| DROPPING potion of degeneration.
  3523 | D:3      | 3523 ||| Stepping ~*~*~tactically~*~*~ (stealth).
  3533 | D:3      | 3533 ||| Stepping ~*~*~tactically~*~*~ (stealth).
  3755 | D:3      | 3755 ||| UPGRADING to +0 chain mail.
  3765 | D:3      | 3765 ||| DROPPING +0 scale mail.
  3766 | D:3      | 3766 ||| DROPPING ring of wizardry.
  3767 | D:3      | 3767 ||| DRINKING 2 fuming ruby potions.
  3837 | D:4      | Slain by an ogre

Levels and vault maps discovered:
D:1:      dpeg_arrival_connections, layout_rooms,
          chequers_ecumenical_altar_simple_redux, nicolae_titane
D:2:      layout_basic, uniq_natasha, uniq_sigmund
D:3:      layout_loops_ring
D:4:      layout_cave_pools, nicolae_ru_sacrificial_ziggurat,
          kennysheep_flooded_box, kennysheep_potato, uniq_ijyb,
          uniq_crazy_yiuf_cottage, uniq_blork_the_orc

Skill      XL: |  1  2  3  4  5  6 |
---------------+-------------------+-----
Axes           | 2 3 5 |  5.6
Throwing       | 1 |  1.0
Fighting       | 4 |  4.0
Armour         | |  3.2
Dodging        | |  0.8
Shields        | |  3.2

Action                   |  1- 3 |  4- 6 || total
-------------------------+-------+-------++-------
Melee: War axe           |   105 |    75 ||   180
Throw: Javelin           |       |    25 ||    25
  Use: Scroll            |     2 |     1 ||     3
       Potion            |       |     2 ||     2
Armor: Scale mail        |    40 |    27 ||    67
       Chain mail        |       |    10 ||    10
Dodge: Dodged            |    38 |    30 ||    68
Block: Buckler           |    17 |     8 ||    25

Table legend:
 A = Non-vault XP
 B = Vault XP
 C = Vault XP percentage of total XP
 D = Non-vault monster count
 E = Vault monster count
 F = Vault count percentage of total count
                 A         B        C        D         E       F
            +---------+---------+-------+---------+---------+-------
      Total |     230 |     266 |  53.6 |      66 |       2 |   2.9
            +---------+---------+-------+---------+---------+-------
        D:1 |      41 |       0 |   0.0 |      23 |       0 |   0.0
        D:2 |     116 |     266 |  69.6 |      19 |       2 |   9.5
        D:3 |      39 |       0 |   0.0 |      19 |       0 |   0.0
        D:4 |      34 |       0 |   0.0 |       5 |       0 |   0.0
            +---------+---------+-------+---------+---------+-------
